[Event "Early-Titled-Tuesday-Blitz-April-02-2024"]
[Site "Chess.com"]
[Date "2024.04.02"]
[Round "10"]
[White "LeoLV10"]
[Black "ansko1999"]
[Result "1-0"]
[WhiteElo "2522"]
[BlackElo "2615"]
[TimeControl "180+1"]
[EndTime "9:55:49 PDT"]
[Termination "LeoLV10 won by checkmate"]

1. e4 c5 2. Nf3 e6 3. d4 cxd4 4.
Nxd4 Nc6 5. Nc3 Qc7 6. Be3 Nf6 7.
f4 Bb4 8. Qd3 Nxd4 9. Qxd4 Bxc3+ 10. bxc3 Nxe4 11. Qxg7 Rf8 12. c4 Qa5+ 13. Ke2 Qa4 14.
Kd1 Qa3 15. Bd3 Nc5 16. Qxh7 f5 17.
Qh5+ Kd8 18. Qg5+ Ke8 19. Qh5+ Ke7 20. Qh4+ Kd6 21. Ke2 Nxd3 22. Rad1 Qxa2 23. Rxd3+ Kc7 24. Qe7 Qxc2+ 25. Rd2 Qxc4+ 26. Rd3 Qc2+ 27. Bd2 Rg8 28. Rc3+ Qxc3 29. Bxc3 Rxg2+ 30. Kf3 Rc2 31. Be5+ Kb6 32. Qb4+ Kc6 33. Qd6+ Kb5 34. Rb1+ Ka5 35. Qb4+ Ka6 36. Qb5# 1-0

[Event "Early-Titled-Tuesday-Blitz-April-02-2024"]
[Site "Chess.com"]
[Date "2024.04.02"]
[Round "10"]
[White "CarlosjPineror"]
[Black "Tugrik1969"]
[Result "1-0"]
[WhiteElo "2684"]
[BlackElo "2546"]
[TimeControl "180+1"]
[EndTime "9:55:50 PDT"]
[Termination "CarlosjPineror won on time"]

1. e4 c5 2. Nf3 d6 3. d4 cxd4 4. Nxd4 Nf6 5. Nc3 g6 6. Be3 Bg7 7. f3 O-O 8. Qd2 Nc6 9. O-O-O Bd7 10. h4 Rc8 11. h5 Nxh5 12. g4 Ng3 13. Rh3 Nxf1 14.
Rxf1 Ne5 15. b3 Qa5 16. Kb2 Qb4 17. Nd5 Nc4+ 18. Kc1 Qxd2+ 19. Bxd2 Nxd2 20. Nxe7+ Kh8 21. Rfh1 h5 22. Rxh5+ gxh5 23. Rxh5+ Bh6 24. Rxh6+ Kg7 25. Ndf5+ Bxf5 26. Nxf5+ Kg8 27. Kxd2 Rce8 28. Rxd6 Rd8 29.
Rd5 Rxd5+ 30. exd5 Rd8 31. c4 f6 32. Kd3 Kf7 33.
Kd4 b6 34. b4 Rh8 35. c5 bxc5+ 36. bxc5 Rh2 37. c6 Rxa2 38. c7 Rc2 39. Nd6+ 1-0

[Event "Early-Titled-Tuesday-Blitz-April-02-2024"]
[Site "Chess.com"]
[Date "2024.04.02"]
[Round "10"]
[White "tusplingher"]
[Black "falzehope0"]
[Result "1-0"]
[WhiteElo "2505"]
[BlackElo "2377"]
[TimeControl "180+1"]
[EndTime "9:55:50 PDT"]
[Termination "tusplingher won on time"]

1. e4 d6 2. d4 Nf6 3. Nc3 Nbd7 4. Nf3 e5 5. Bc4 Be7 6. O-O O-O 7. a4 c6 8. Re1 Qc7 9. h3 h6 10. Be3 Re8 11. a5 Nf8 12. d5 c5 13. Bb5 Rd8 14. Nd2 Ng6 15. Bf1 Nh7 16. Nc4 Bd7 17. Na3 Rdb8 18. a6 bxa6 19. Bxa6 Rxb2 20. Ncb5 Qb6 21.
Nc4 Qb8 22. Nxb2 Bxb5 23. Bxb5 Qxb5 24. Na4 Bg5 25. Qe2 Qd7 26. Nb6 Qe8 27. Nxa8 Qxa8 28. Qa6 Bxe3 29. fxe3 Qd8 30. Rf1 Nhf8 31. Qb7 f6 32.
Rxa7 Nd7 33. Ra8 Qxa8 34. Qxa8+ Ngf8 35. Rb1 Kh7 36. Rb7 c4 37. Qd8 c3 38. Rxd7 Nxd7 39.
Qxd7 Kg6 40. Qxd6 1-0

[Event "Early-Titled-Tuesday-Blitz-April-02-2024"]
[Site "Chess.com"]
[Date "2024.04.02"]
[Round "10"]
[White "Balla_Tamas"]
[Black "IriBu"]
[Result "1-0"]
[WhiteElo "2495"]
[BlackElo "2582"]
[TimeControl "180+1"]
[EndTime "9:55:51 PDT"]
[Termination "Balla_Tamas won by resignation"]

1. Nf3 Nf6 2. b3 b6 3. Bb2 e6 4. e3 Bb7 5. c4 d5 6. d4 Nbd7 7. Nc3 a6 8. Bd3 Bd6 9. O-O Ne4 10. Qc2 Nxc3 11. Bxc3 dxc4 12. bxc4 Bxf3 13. gxf3 O-O 14. Kh1 f5 15. f4 Nf6 16. Rg1 Qe8 17. Rg5 Qc6+ 18. Kg1 Rf7 19. d5 exd5 20. cxd5 Nxd5 21. Bxg7 Qxc2 22. Bd4+ Kf8 23. Bxc2 c5 24. Bb2 Ne7 25. Rd1 Bc7 26. Bb3 h6 27. Rg3 Rd8 28. Rxd8+ Bxd8 29. Bxf7 Kxf7 30. Rg7+ Ke6 31. Rh7 c4 32. Rxh6+ Kd5 33. h4 b5 34. h5 b4 35. Rxa6 c3 36. Bc1 Nc6 37. h6 Bf6 38. h7 Kc5 39. Ra8 c2 40. h8=Q Bxh8 41. Rxh8 Na5 42.
Rc8+ Kb5 43. Rxc2 Nc4 44. Bb2 1-0

[Event "Early-Titled-Tuesday-Blitz-April-02-2024"]
[Site "Chess.com"]
[Date "2024.04.02"]
[Round "10"]
[White "Kopytkin"]
[Black "zverr1"]
[Result "1-0"]
[WhiteElo "2437"]
[BlackElo "2543"]
[TimeControl "180+1"]
[EndTime "9:55:51 PDT"]
[Termination "Kopytkin won by checkmate"]

1. d4 Nf6 2. Bg5 Ne4 3. Bf4 d5 4. e3 g6 5. Bd3 Nf6 6. h4 h6 7.
Nd2 Bg7 8. c3 O-O 9. h5 g5 10. Be5 c5 11. f4 Bg4 12. Ngf3 Nxh5 13.
Bxg7 Kxg7 14. fxg5 hxg5 15. Qa4 c4 16. Bc2 e6 17. O-O-O Nc6 18. e4 Ng3 19. exd5 exd5 20. Rh7+ Kg8 21. Qb5 Be6 22. Qxb7 Ne7 23. Nxg5 Bf5 24. Bxf5 Nexf5 25. Nxf7 Qb6 26. Nh6+ Nxh6 27. Qg7# 1-0

[Event "Early-Titled-Tuesday-Blitz-April-02-2024"]
[Site "Chess.com"]
[Date "2024.04.02"]
[Round "10"]
[White "FairChess_on_YouTube"]
[Black "Matibar"]
[Result "0-1"]
[WhiteElo "3050"]
[BlackElo "2774"]
[TimeControl "180+1"]
[EndTime "9:55:52 PDT"]
[Termination "Matibar won by resignation"]

1. e4 e5 2. Nc3 Nf6 3. Nf3 Nc6 4. Nxe5 Nxe5 5. d4 Nc6 6. e5 Bb4 7. exf6 Qxf6 8. a3 Bxc3+ 9. bxc3 O-O 10. Bd3 h6 11.
O-O d5 12. Qh5 Ne7 13. Re1 c6 14. a4 Ng6 15. g3 Bd7 16. Bd2 b6 17. Re3 Rfe8 18.
Rf3 Qd6 19. g4 c5 20. Kh1 c4 21. Bf5 Re2 22. Bxh6 gxh6 23. Qxh6 Rae8 24. Rg1 Re1 25. Rg3 Rxg1+ 26. Rxg1 Re2 27. Rf1 Be8 28. Kg2 Nf4+ 0-1

[Event "Early-Titled-Tuesday-Blitz-April-02-2024"]
[Site "Chess.com"]
[Date "2024.04.02"]
[Round "10"]
[White "ritanovikova"]
[Black "carloseduar100"]
[Result "1-0"]
[WhiteElo "2157"]
[BlackElo "2196"]
[TimeControl "180+1"]
[EndTime "9:55:52 PDT"]
[Termination "ritanovikova won by checkmate"]

1. e4 e6 2. d4 d5 3. Nd2 c5 4. Bb5+ Bd7 5. Bxd7+ Qxd7 6. exd5 exd5 7. dxc5 Bxc5 8.
Ngf3 Nf6 9. O-O O-O 10. Nb3 Bd6 11. Bg5 Ne4 12. Bh4 Nc6 13. Bg3 Bxg3 14. hxg3 Rad8 15. Nbd4 Rfe8 16. c3 h6 17. Qd3 Ne5 18. Nxe5 Rxe5 19. Nf3 Rh5 20. Rad1 Qg4 21. Qe3 b6 22. Qf4 Qxf4 23.
gxf4 Rf5 24. g3 g5 25. Nd4 Rf6 26. f5 g4 27. Kg2 Kg7 28. f3 h5 29. fxe4 dxe4 30. Ne6+ fxe6 31. Rxd8 exf5 32. Rf4 Kg6 33. Kf2 a5 34. Ke3 b5 35. Rd5 b4 36. Rxa5 bxc3 37. bxc3 Rf7 38. c4 Rf8 39. c5 Rf6 40.
Rb5 Kg5 41. Rb6 Rf7 42. c6 Ra7 43. Rb7 Ra3+ 44. Kd4 Rxa2 45. c7 Rc2 46. Rf2 Rc1 47. Ke5 Rc5+ 48. Kd6 Rc3 49. Rb5 Rd3+ 50. Rd5 Rxd5+ 51.
Kxd5 e3 52. Re2 f4 53. gxf4+ Kxf4 54. c8=Q g3 55. Qf8+ Kg4 56. Rxe3 h4 57. Qg7+ Kh3 58. Qh6 Kg2 59. Qxh4 Kf1 60. Rxg3 Kf2 61. Qh2+ Kf1 62. Rg1# 1-0

[Event "Early-Titled-Tuesday-Blitz-April-02-2024"]
[Site "Chess.com"]
[Date "2024.04.02"]
[Round "10"]
[White "Zurability"]
[Black "Matrix3x3a"]
[Result "1-0"]
[WhiteElo "2706"]
[BlackElo "2600"]
[TimeControl "180+1"]
[EndTime "9:55:53 PDT"]
[Termination "Zurability won by resignation"]

1. e4 c5 2. Nf3 d6 3. Nc3 a6 4.
g3 Nc6 5. Bg2 g6 6. O-O Bg7 7.
d3 Rb8 8. Be3 e5 9. Nd2 Nge7 10. f4 O-O 11. h3 f5 12. fxe5 Nxe5 13. Nc4 Nxc4 14. dxc4 Be6 15. Qd3 Nc6 16. b3 fxe4 17.
Nxe4 Bxa1 18. Rxa1 Ne5 19. Qc3 Nf3+ 20. Kh1 Qe7 21.
Bh6 Nd4 22. Bxf8 Rxf8 23. Qd3 Bf5 24. c3 Bxe4 25. Bxe4 Nc6 26. Kg2 Kg7 27. Rd1 Rf6 28. Qd5 Re6 29. Bf3 h5 30. Rd2 Rf6 31. Re2 Qf7 32.
Qxf7+ Kxf7 33. Bd5+ Kf8 34. b4 cxb4 35. cxb4 Nxb4 36. Bxb7 a5 37. Rd2 Ke7 38. a3 1-0

[Event "Early-Titled-Tuesday-Blitz-April-02-2024"]
[Site "Chess.com"]
[Date "2024.04.02"]
[Round "10"]
[White "m_ezat"]
[Black "atalz0"]
[Result "1-0"]
[WhiteElo "2550"]
[BlackElo "2395"]
[TimeControl "180+1"]
[EndTime "9:55:54 PDT"]
[Termination "m_ezat won by resignation"]

1. d4 d5 2. c4 Bf5 3. cxd5 Bxb1 4. Qa4+ c6 5. dxc6 Nxc6 6. Rxb1 Qxd4 7. Qxd4 Nxd4 8. e3 Nc6 9. Bb5 Rc8 10. Nf3 a6 11. Ba4 e6 12. O-O b5 13. Bb3 Na5 14. Bd2 Nxb3 15. axb3 Nf6 16. Rfc1 Ra8 17. Ra1 Ne4 18.
Be1 Nc5 19. Rc3 b4 20. Rc4 Nxb3 21. Rd1 a5 22. Rc7 Bc5 23. Rd3 Bb6 24. Rc6 Nc5 25.
Rd1 Rb8 26. Rc1 Nd7 27. Rc8+ Ke7 28. R8c6 Rhd8 29. e4 f6 30. Bd2 e5 31. Kf1 Nf8 32.
Ke2 Ne6 33. Be3 Bxe3 34. fxe3 Rd7 35. Ra6 Rc7 36. Rxe6+ Kxe6 37. Rxc7 a4 38. Nd2 a3 39. bxa3 bxa3 40. Ra7 f5 41. Ra6+ Kf7 42. exf5 1-0

[Event "Early-Titled-Tuesday-Blitz-April-02-2024"]
[Site "Chess.com"]
[Date "2024.04.02"]
[Round "10"]
[White "javirec"]
[Black "LileKoridze"]
[Result "0-1"]
[WhiteElo "2272"]
[BlackElo "2408"]
[TimeControl "180+1"]
[EndTime "9:55:54 PDT"]
[Termination "LileKoridze won on time"]

1. e4 c5 2. c3 Nf6 3. e5 Nd5 4. Bc4 Nb6 5. Bb3 e6 6. d4 cxd4 7. cxd4 d6 8. Qe2 Nc6 9. Nf3 Be7 10. O-O O-O 11. Nc3 dxe5 12. dxe5 Nd4 13. Nxd4 Qxd4 14.
Rd1 Qh4 15. Ne4 Bd7 16. Bc2 Bc6 17. Bd2 Rad8 18. Ba5 Rd5 19. Bc3 Rfd8 20. Ng3 Nc4 21. Rxd5 Bxd5 22. Ne4 b5 23. b3 Nb6 24. Re1 b4 25. Bb2 Bxe4 26. Bxe4 Nd5 27. g3 Qh3 28. Bg2 Qh6 29. Rd1 g6 30. Bxd5 exd5 31. e6 Qf8 0-1

[Event "Early-Titled-Tuesday-Blitz-April-02-2024"]
[Site "Chess.com"]
[Date "2024.04.02"]
[Round "10"]
[White "Rodalquilar"]
[Black "mishanick"]
[Result "0-1"]
[WhiteElo "2740"]
[BlackElo "3022"]
[TimeControl "180+1"]
[EndTime "9:55:57 PDT"]
[Termination "mishanick won on time"]

1. d4 Nf6 2. Nf3 d5 3. Bf4 c5 4. e3 Nc6 5. c3 Qb6 6. Qc2 g6 7. h3 Bg7 8. Be2 O-O 9. Nbd2 a5 10. dxc5 Qxc5 11. a4 Qb6 12. O-O Bf5 13. Qb3 Qxb3 14.
Nxb3 Ne4 15. Nbd4 Bd7 16. Bh2 Nxd4 17. Nxd4 e5 18. Nb5 Bc6 19. Rfd1 Nc5 20. Bg3 Rfd8 21.
f3 f6 22. Bf2 Bf8 23. h4 h5 24. Ra2 Kg7 25. Rd2 Rd7 26. Bd1 Rad8 27. Bc2 b6 28. Ra1 Be7 29. Rad1 Kf7 30. Kf1 f5 31. Ke1 e4 32.
Bg3 Bf6 33. Kf2 Ke6 34. Nc7+ Ke7 35. b4 Nxa4 36. Bxa4 Bxa4 37. Nxd5+ Kf7 38. Ra1 Bxc3 39. Rxa4 Bxd2 40. Nxb6 Be1+ 41. Kf1 Bxg3 42. Nxd7 Rxd7 43. bxa5 exf3 44. gxf3 Bb8 45. Ke2 Ba7 46. e4 Ke6 47. a6 Ke5 48. Ra5+ Kf4 49. Ra4 Kg3 50. exf5 gxf5 51. Ra5 f4 52. Rxh5 Re7+ 53. Kf1 Bf2 54. Rg5+ Kxf3 0-1

[Event "Early-Titled-Tuesday-Blitz-April-02-2024"]
[Site "Chess.com"]
[Date "2024.04.02"]
[Round "10"]
[White "Vse_po_kaify"]
[Black "GnowReopard"]
[Result "0-1"]
[WhiteElo "2525"]
[BlackElo "2762"]
[TimeControl "180+1"]
[EndTime "9:55:57 PDT"]
[Termination "GnowReopard won by resignation"]

1. e4 e6 2. d4 d5 3. Bd3 dxe4 4.
Bxe4 Nf6 5. Bf3 Be7 6. Nc3 O-O 7. Nge2 c5 8. Be3 Nbd7 9. O-O cxd4 10. Nxd4 Ne5 11.
Be2 Qc7 12. Ndb5 Qb8 13. Qd4 Rd8 14. Qf4 a6 15. Nd4 Ng6 16. Qxb8 Rxb8 17. Rad1 e5 18. Nb3 Bf5 19. Bd3 Bxd3 20. Rxd3 Rxd3 21. cxd3 Rd8 22.
Rd1 Nh4 23. Kf1 Nf5 24. Ke2 h5 25. Bb6 Re8 26. Re1 Bb4 27. Be3 Nd4+ 28. Kd2 Nxb3+ 29. axb3 Rc8 30. Rc1 Nd5 31. f3 f6 32. d4 Rd8 33.
Kd3 Nxe3 34. Na2 Nd5 35. dxe5 Nc3+ 0-1

[Event "Early-Titled-Tuesday-Blitz-April-02-2024"]
[Site "Chess.com"]
[Date "2024.04.02"]
[Round "10"]
[White "aljado"]
[Black "tarno17"]
[Result "1-0"]
[WhiteElo "2146"]
[BlackElo "2132"]
[TimeControl "180+1"]
[EndTime "9:55:57 PDT"]
[Termination "aljado won by checkmate"]

1. e4 c5 2. Nf3 e6 3. d4 cxd4 4. Nxd4 a6 5. Nc3 Qc7 6. g3 Nf6 7. Bg2 d6 8. O-O Be7 9. Kh1 O-O 10. f4 Nc6 11. Be3 Rd8 12. g4 Nxd4 13. Bxd4 e5 14.
g5 Ng4 15. Bg1 exf4 16. Rxf4 Ne5 17. Qh5 Be6 18. Rh4 h6 19. gxh6 Bxh4 20. hxg7 Kxg7 21. Qxh4 Rh8 22. Qg3+ Kf8 23. Be3 Ng4 24. Bd4 Rxh2+ 25. Kg1 Qc4 26. Rd1 Rd8 27. Bf3 Ne3 28. Qxh2 Nxd1 29.
Qh8+ Ke7 30. Bf6+ Kd7 31. Qxd8+ Kc6 32. e5+ d5 33. Qd6# 1-0

[Event "Early-Titled-Tuesday-Blitz-April-02-2024"]
[Site "Chess.com"]
[Date "2024.04.02"]
[Round "10"]
[White "Darkdefense15"]
[Black "valik3504"]
[Result "0-1"]
[WhiteElo "2343"]
[BlackElo "2548"]
[TimeControl "180+1"]
[EndTime "9:55:58 PDT"]
[Termination "valik3504 won by resignation"]

1. d4 Nf6 2. Bf4 c5 3. dxc5 Qa5+ 4. Qd2 Qxc5 5. Nc3 Nc6 6. Nf3 d5 7. O-O-O Bf5 8. Ne5 e6 9. f3 Be7 10. g4 Bg6 11. e3 Rc8 12. h4 Nxe5 13. Bxe5 h6 14.
Bb5+ Kf8 15. g5 Nh5 16. e4 dxe4 17. fxe4 Qxe5 18. Qd7 Qc7 19. Qd3 Nf4 20. Qf3 hxg5 21.
hxg5 Rxh1 22. Rxh1 Bxg5 23. Rh8+ Ke7 24. Rxc8 Qxc8 25. Kb1 Qc5 26. a4 a6 27. Bd3 Qg1+ 28.
Ka2 Bh5 29. Qd1 Bxd1 30. Nxd1 Qxd1 0-1

[Event "Early-Titled-Tuesday-Blitz-April-02-2024"]
[Site "Chess.com"]
[Date "2024.04.02"]
[Round "10"]
[White "Mr_ruthless"]
[Black "Donskov_AN"]
[Result "1-0"]
[WhiteElo "2512"]
[BlackElo "2377"]
[TimeControl "180+1"]
[EndTime "9:55:58 PDT"]
[Termination "Mr_ruthless won by resignation"]

1. Nf3 Nf6 2. c4 c5 3. g3 g6 4. b3 b6 5. Bg2 Bb7 6. Bb2 Bg7 7.
O-O O-O 8. d4 cxd4 9. Qxd4 Nh5 10. Qd2 Bxb2 11. Qxb2 Ng7 12. Nc3 d6 13. Rad1 Nd7 14.
e4 Ne6 15. e5 Bxf3 16. Bxf3 Nxe5 17. Bxa8 Qxa8 18. Nd5 Qb7 19. f4 Ng4 20. Rde1 Nh6 21. Re4 Qd7 22. Rfe1 Nf5 23. g4 Nh4 24. R1e3 h5 25.
f5 gxf5 26. gxf5 Nxf5 27. Rf3 Neg7 28. Rxe7 Qc8 29. Re4 Qc5+ 30. Qf2 Qxf2+ 31. Rxf2 Kh7 32. Ref4 Nh6 33. Rf6 Re8 34. Rxd6 Re1+ 35. Rf1 Re2 36. Nf6+ Kg6 37. Ng4+ Kg5 38. Nxh6 Ne6 39. Nxf7+ Kg4 40. Nh6+ Kh3 41. Rf3+ Kh4 42. Nf5+ Kg5 43. Nd4 Nxd4 44.
Rxd4 Rxa2 45. c5 1-0

[Event "Early-Titled-Tuesday-Blitz-April-02-2024"]
[Site "Chess.com"]
[Date "2024.04.02"]
[Round "10"]
[White "MathiasWomacka"]
[Black "Pragmatist237"]
[Result "1-0"]
[WhiteElo "2488"]
[BlackElo "2298"]
[TimeControl "180+1"]
[EndTime "9:55:58 PDT"]
[Termination "MathiasWomacka won by resignation"]

1. e4 c5 2. Nf3 d6 3. d4 cxd4 4.
Nxd4 Nf6 5. Nc3 a6 6. Be2 e5 7. Nb3 Be7 8. O-O O-O 9. Kh1 b5 10.
a4 b4 11. Nd5 a5 12. Be3 Nbd7 13. Nxe7+ Qxe7 14. f3 Ba6 15. Nxa5 Bxe2 16. Nc6 Qe8 17. Qxe2 Nb6 18. Nxb4 Nxa4 19. b3 Nc5 20. Qd2 Nb7 21.
Bg5 Nd7 22. Nd5 f6 23. Be3 Rxa1 24. Rxa1 Qh5 25. Ra7 Ndc5 26. Ne7+ Kf7 27. Nf5 Rd8 28. Bxc5 dxc5 29. Rxb7+ Kg6 30. Qxd8 1-0

[Event "Early-Titled-Tuesday-Blitz-April-02-2024"]
[Site "Chess.com"]
[Date "2024.04.02"]
[Round "10"]
[White "IsmaelAmadorGarcia"]
[Black "dodorox"]
[Result "0-1"]
[WhiteElo "2303"]
[BlackElo "2190"]
[TimeControl "180+1"]
[EndTime "9:56:00 PDT"]
[Termination "dodorox won by resignation"]

1. e4 e6 2. d4 d5 3. Nc3 Nf6 4. e5 Nfd7 5. f4 c5 6. Nf3 Nc6 7.
Be3 Qb6 8. Na4 Qa5+ 9. c3 c4 10. b4 Nxb4 11. cxb4 Bxb4+ 12. Kf2 b5 13. Nc5 Bxc5 14.
dxc5 Qc7 15. Qd4 a5 16. a3 Ba6 17. Be2 Rc8 18. f5 Nxc5 19. Qxc5 Qxc5 20. Bxc5 Rxc5 21. fxe6 fxe6 22. Nd4 Ke7 23. Bg4 Bc8 24. Ke3 Rf8 25. Rhf1 Rxf1 26. Rxf1 b4 27. axb4 axb4 28. Ra1 Rc7 29.
Ra6 Bxa6 30. Nxe6 Ra7 31. Nf4 Bb7 32. Kd4 b3 33. Ne2 b2 34. Nc3 Ra1 35. Bf5 g6 36. Bb1 Ke6 37. g4 Bc6 38. h4 Ba4 39. Kc5 Rxb1 40. Nxa4 c3 41. Nxc3 Rc1 0-1

[Event "Early-Titled-Tuesday-Blitz-April-02-2024"]
[Site "Chess.com"]
[Date "2024.04.02"]
[Round "10"]
[White "chessdjw"]
[Black "KubaGepard"]
[Result "1/2-1/2"]
[WhiteElo "2793"]
[BlackElo "2603"]
[TimeControl "180+1"]
[EndTime "9:56:01 PDT"]
[Termination "Game drawn by agreement"]

1. c4 e5 2. Nc3 Nf6 3. Nf3 Nc6 4.
g3 d5 5. cxd5 Nxd5 6. Bg2 Bc5 7.
O-O O-O 8. d3 h6 9. Nxd5 Qxd5 10. a3 a5 11. Bd2 Be6 12. Bc3 Qd6 13. Nd2 Bd4 14. Qa4 Bd5 15. Nc4 Qd7 16. Qb5 Bxg2 17.
Kxg2 b6 18. Bxd4 exd4 19. Rac1 Rfe8 20. Nxb6 cxb6 21. Qxc6 Qxc6+ 22. Rxc6 Rxe2 23. Rxb6 Rc8 24. b4 a4 25. Ra6 Rc3 26. Rxa4 Rxd3 27. b5 Rb2 28.
Ra8+ Kh7 29. a4 Ra3 30. h4 d3 31. h5 Rxb5 32. axb5 Rxa8 33. Kf3 Re8 34. Rd1 Re5 35.
Rb1 d2 36. b6 Rb5 37. Rd1 Rb3+ 38. Kg4 Rxb6 39. Rxd2 g6 40. hxg6+ Kxg6 41. f4 1/2-1/2

[Event "Early-Titled-Tuesday-Blitz-April-02-2024"]
[Site "Chess.com"]
[Date "2024.04.02"]
[Round "10"]
[White "ChessSwole"]
[Black "AsaHoffmann"]
[Result "1-0"]
[WhiteElo "2685"]
[BlackElo "2421"]
[TimeControl "180+1"]
[EndTime "9:56:04 PDT"]
[Termination "ChessSwole won by resignation"]

1. d4 Nf6 2. c4 c5 3. Nf3 cxd4 4.
Nxd4 e5 5. Nf3 Nc6 6. Nc3 Bb4 7. Qb3 a5 8. e3 d6 9. Be2 Bf5 10. O-O O-O 11. a3 Bc5 12. Rd1 Rb8 13. Na4 Ba7 14. Bd2 h6 15. Be1 Be6 16. Qc2 Qe7 17. Nc3 Rfc8 18.
Rac1 Qd7 19. Qd2 Rd8 20. Nd5 Bxd5 21. cxd5 Ne7 22. Qxa5 Ra8 23. Bb5 Bxe3 24. Bxd7 Rxa5 25. Bxa5 Rxd7 26. fxe3 Nexd5 27. e4 Nf4 28. Nxe5 dxe5 29. Rxd7 Nxd7 30. Rc7 Nf6 31. Rxb7 Nxe4 32. Bb6 Nd3 33. Be3 f5 34. a4 f4 35. Bb6 Nd6 36. Rb8+ Kf7 37. a5 e4 38. a6 e3 39. Kf1 Nb4 40. a7 Nc6 41. a8=Q Nxb8 42. Qxb8 1-0

[Event "Early-Titled-Tuesday-Blitz-April-02-2024"]
[Site "Chess.com"]
[Date "2024.04.02"]
[Round "10"]
[White "sergoy"]
[Black "lamomiajunior"]
[Result "1-0"]
[WhiteElo "2889"]
[BlackElo "2703"]
[TimeControl "180+1"]
[EndTime "9:56:06 PDT"]
[Termination "sergoy won by resignation"]

1. d4 Nf6 2. c4 e6 3. Nf3 d5 4.
Nc3 Bb4 5. Qa4+ Nc6 6. a3 Bxc3+ 7. bxc3 Bd7 8. cxd5 exd5 9. Bg5 h6 10. Bh4 g5 11.
Bg3 Ne4 12. e3 h5 13. Qb3 h4 14. Be5 f6 15. Qxd5 Bf5 16. Qb5 Qd7 17. Bxc7 Nxc3 18. Qxb7 Rc8 19. Qb3 Nd5 20. Bb5 Rxc7 21. Rc1 O-O 22. O-O Kg7 23. Rc5 Be4 24. Nd2 Bg6 25.
Qxd5 Qxd5 26. Rxd5 Na5 27. Ba6 Rb8 28. Rxa5 Rb2 29.
Nc4 Ra2 30. Rc5 Re7 31. Nd6 g4 32. Bc8 h3 33. Bxg4 Bd3 34. Rd1 Bc2 35. Rc1 Kf8 36.
gxh3 1-0

[Event "Early-Titled-Tuesday-Blitz-April-02-2024"]
[Site "Chess.com"]
[Date "2024.04.02"]
[Round "10"]
[White "blitzking1729"]
[Black "Predator0608"]
[Result "1-0"]
[WhiteElo "2764"]
[BlackElo "2567"]
[TimeControl "180+1"]
[EndTime "9:56:06 PDT"]
[Termination "blitzking1729 won by resignation"]

1. c4 b6 2. Nf3 Bb7 3. g3 Nf6 4. Bg2 g6 5. O-O Bg7 6. Nc3 O-O 7. Re1 d5 8. cxd5 Nxd5 9. d4 Nxc3 10. bxc3 c5 11. Rb1 cxd4 12. cxd4 Nc6 13. e3 Na5 14. e4 Rc8 15. Bg5 Qd7 16. d5 h6 17. Be3 Nc4 18.
Bd4 e6 19. Bh3 f5 20. dxe6 Qxe6 21. Bxg7 Kxg7 22. exf5 Qf6 23. Re6 Bxf3 24. Rxf6 Bxd1 25. Rxg6+ Kf7 26. Rxd1 Rfd8 27. Rxd8 Rxd8 28. Rxh6 Rd1+ 29. Kg2 Rd2 30. g4 Rxa2 31. g5 Ne5 32. Rh7+ Kg8 33.
Rc7 Nd3 34. f6 Rxf2+ 35. Kg3 Re2 36. g6 1-0

[Event "Early-Titled-Tuesday-Blitz-April-02-2024"]
[Site "Chess.com"]
[Date "2024.04.02"]
[Round "10"]
[White "AlexeiShirov"]
[Black "djano"]
[Result "1-0"]
[WhiteElo "2824"]
[BlackElo "2666"]
[TimeControl "180+1"]
[EndTime "9:56:08 PDT"]
[Termination "AlexeiShirov won by resignation"]

1. e4 c5 2. Nf3 g6 3. d4 cxd4 4.
Qxd4 Nf6 5. Nc3 Nc6 6. Qa4 d6 7.
e5 dxe5 8. Nxe5 Bd7 9. Nxd7 Nxd7 10. Bb5 Bg7 11. Bg5 O-O 12. O-O-O Qc8 13. Nd5 Nb6 14. Qe4 Nxd5 15. Rxd5 Qc7 16. Bf4 Qb6 17. Be3 Qc7 18.
h4 Rac8 19. Rc5 Qd6 20. Rd1 Qf6 21. c3 a6 22. Bxc6 Rxc6 23. Rxc6 bxc6 24. Bd4 Bh6+ 25. Kc2 Qf5 26. Qxf5 gxf5 27. Bc5 Re8 28. Rd7 e6 29. b4 Bf4 30. g3 Be5 31. Ra7 f4 32. g4 Kg7 33.
Rxa6 h5 34. gxh5 Rh8 35. Rxc6 Rxh5 36. a4 Rxh4 37. a5 Rh3 38. Bb6 Rh1 39. a6 Ra1 40. Ba5 Bb8 41. Kd3 Ra2 42. f3 f5 43. Rxe6 Rf2 44. a7 Rxf3+ 45. Ke2 1-0

[Event "Early-Titled-Tuesday-Blitz-April-02-2024"]
[Site "Chess.com"]
[Date "2024.04.02"]
[Round "10"]
[White "mertfelin"]
[Black "martinmena"]
[Result "0-1"]
[WhiteElo "2257"]
[BlackElo "2173"]
[TimeControl "180+1"]
[EndTime "9:56:09 PDT"]
[Termination "martinmena won by resignation"]

1. e4 c6 2. d4 d5 3. e5 Bf5 4. h4 h5 5. Bd3 Bxd3 6. Qxd3 e6 7. Nf3 Qa5+ 8. Nbd2 Qa6 9. c4 Ne7 10. O-O Nf5 11.
b3 Be7 12. a4 Nxh4 13. Ba3 Nxf3+ 14. Qxf3 Bxa3 15. Rxa3 Qb6 16. Qd3 Nd7 17. a5 Qd8 18.
b4 dxc4 19. Nxc4 O-O 20. Qf3 Qg5 21. Rb3 a6 22. Nd6 Rab8 23. Ne4 Qg6 24. Qe2 b6 25. Rg3 Qf5 26. Rg5 Qh7 27. Rxh5 Qg6 28. Rg5 Qh6 29. Rg3 bxa5 30. bxa5 Rb5 31. Rc1 c5 32. Rd1 cxd4 33.
Rh3 Qg6 34. Rxd4 Rxe5 35. Qd3 Nf6 36. Nxf6+ gxf6 37. Qxa6 Re1+ 38. Kh2 Re5 39. Rdh4 Kg7 40. Qb7 Rg5 41. Rh7+ Qxh7 42. Rxh7+ Kxh7 43. a6 Kg7 44.
a7 Ra5 45. Qb6 Ra2 46. Kg3 Ra8 47. Qe3 R2xa7 48. Kh2 Kf8 49. Qc5+ Kg7 50. Qh5 Kf8 51. Qc5+ Kg7 52. g3 Rh8+ 53. Kg2 Rha8 54. Qe3 Ra3 55. Qe4 R3a4 56. Qc6 f5 57. Qc3+ Kf8 58. Qf3 Ke7 59. Qh5 R8a5 60. Qh7 Ra2 61. Qg7 Rc2 62. Qg5+ Ke8 63. Qg8+ Ke7 64. Qg5+ Kd7 65. Qf4 Raa2 66. Qd4+ Ke7 67. Qb4+ Ke8 68. Qb8+ Ke7 69. Qb7+ Kf6 70. Kh3 Rxf2 0-1

[Event "Early-Titled-Tuesday-Blitz-April-02-2024"]
[Site "Chess.com"]
[Date "2024.04.02"]
[Round "10"]
[White "VanRommel28"]
[Black "Aradhya2000"]
[Result "0-1"]
[WhiteElo "2526"]
[BlackElo "2764"]
[TimeControl "180+1"]
[EndTime "9:56:11 PDT"]
[Termination "Aradhya2000 won on time"]

1. d4 d5 2. Bf4 Nf6 3. Nf3 c5 4. e3 Nc6 5. Nbd2 Nh5 6. dxc5 Nxf4 7. exf4 g6 8. c3 d4 9. cxd4 Bg7 10. Bb5 O-O 11. Bxc6 bxc6 12. O-O Bxd4 13. Qc2 Bf5 14. Qa4 Bxb2 15. Rad1 Qc7 16. Nc4 Bg7 17. Nfe5 Rac8 18. Na5 Bxe5 19. fxe5 Qxe5 20. Nxc6 Qxc5 21. Nd4 Rfd8 22.
Nxf5 gxf5 23. Qf4 Rxd1 24. Rxd1 Rc6 25. h4 h6 26. h5 Rd6 27. Rc1 Qd5 28. Kh2 Re6 29.
Rc8+ Kg7 30. Qg3+ Kf6 31. Rg8 Re2 32. f4 Ke6 0-1

[Event "Early-Titled-Tuesday-Blitz-April-02-2024"]
[Site "Chess.com"]
[Date "2024.04.02"]
[Round "10"]
[White "MrChessSponge"]
[Black "emeli_chess"]
[Result "1-0"]
[WhiteElo "2559"]
[BlackElo "2426"]
[TimeControl "180+1"]
[EndTime "9:56:11 PDT"]
[Termination "MrChessSponge won by checkmate"]

1. e4 e5 2. Nf3 Nc6 3. Bc4 Nf6 4. d3 Be7 5. Nc3 d6 6. O-O O-O 7. Nd5 Na5 8. Nxe7+ Qxe7 9. Bb3 b5 10. Bd2 Nxb3 11. axb3 Bb7 12. Nh4 g6 13. Bg5 Qe6 14. f4 exf4 15. Bxf4 Nh5 16. Bh6 Rfe8 17. Qf3 d5 18. e5 Re7 19. d4 c5 20. c3 cxd4 21. cxd4 Rc8 22. Nf5 Qxf5 23. Qxf5 gxf5 24. Rxf5 Rc6 25. Rxh5 a6 26. Bg5 Ree6 27. Bf6 Rxf6 28. exf6 Rxf6 29. Rc1 Kg7 30. Rc7 Bc6 31. Rg5+ Kh6 32. Re5 b4 33. g4 Kg7 34. h4 Bb5 35. g5 Rf3 36. Kg2 Rxb3 37.
Ree7 Rxb2+ 38. Kg3 Rb1 39. Rxf7+ Kg6 40. Rf6+ Kh5 41.
Rh6# 1-0

[Event "Early-Titled-Tuesday-Blitz-April-02-2024"]
[Site "Chess.com"]
[Date "2024.04.02"]
[Round "10"]
[White "Englishman_18"]
[Black "Happy1712Drummer"]
[Result "0-1"]
[WhiteElo "2276"]
[BlackElo "2469"]
[TimeControl "180+1"]
[EndTime "9:56:12 PDT"]
[Termination "Happy1712Drummer won by resignation"]

1. Nf3 c5 2. c4 Nc6 3. Nc3 g6 4. e3 Nf6 5. d4 cxd4 6. exd4 d5 7. cxd5 Nxd5 8. Qb3 Nxc3 9. bxc3 Bg7 10. Be2 O-O 11.
O-O Na5 12. Qc2 Bf5 13. Qa4 Rc8 14. c4 b6 15. Rd1 Qd7 16. Qxd7 Bxd7 17. Bg5 h6 18. Bf4 Nxc4 19. Rac1 Na5 20. Ne5 Ba4 21. Re1 g5 22. Be3 e6 23. Ba6 Rxc1 24. Rxc1 Rd8 25. h3 Be8 26. Rc7 Bxe5 27. dxe5 Nc6 28. f4 Nb4 29. Bc4 b5 30. Bb3 a5 31. fxg5 a4 32.
Bc2 Nd5 33. Rd7 Bxd7 0-1